 Dungeon Crawl Stone Soup version 0.31.0-11-ge490571c62 (webtiles) character file.

Game seed: 9094260334208315219

151488 qw the Acrobat (level 16, -16/86 HPs)
             Began as a Spriggan Hunter on Feb 4, 2024.
             Was the Champion of Okawaru.
             Blown up by an orb spider (70 damage)
             ... with an orb of destruction
             ... on level 1 of the Spider Nest.
             The game lasted 00:03:28 (24112 turns).

qw the Acrobat (Spriggan Hunter)                   Turns: 24112, Time: 00:03:29

Health: -16/86     AC: 15    Str: 10    XL:     16   Next: 78%
Magic:  24/24      EV: 49    Int: 11    God:    Okawaru [******]
Gold:   2993       SH:  0    Dex: 32    Spells: 15/15 levels left

rFire   . . .        w - +7 arbalest (heavy)
rCold   + . .        (shield currently unavailable)
rNeg    + . .        l - +0 swamp dragon scales of Uvopt {rPois rC+ rN+ Slay+2}
rPois   +            (helmet restricted)
rElec   .            v - +2 cloak
rCorr   .            (gloves unavailable)
SInv    +            (boots unavailable)
Will    ++...        A - amulet "Emyuj" {Faith rPois Str+3 Dex+6 Stlth-}
Stlth   +            n - +4 ring of protection
HPRegen 0.34/turn    j - +5 ring of evasion
MPRegen 0.19/turn

%: faith
@: very quick
A: very small, no large weapons, unfitting armour, see invisible, speed 3
a: Renounce Religion, Heroism, Finesse, Duel


You were on level 1 of the Spider Nest.
You worshipped Okawaru.
Okawaru was exalted by your worship.
You visited 6 branches of the dungeon, and saw 27 of its levels.

You collected 3948 gold pieces.
You spent 955 gold pieces at shops.


Innate Abilities, Weirdness & Mutations

You are very small and have problems with some larger weapons.
You are too small for most types of armour.
You have supernaturally acute eyesight. (SInv)
You cover ground extremely quickly. (Speed+++)


   Skills:
 + Level 10.5 Fighting
 - Level 18.0 Ranged Weapons
 - Level 5.0 Armour
 - Level 24.0 Dodging
 - Level 1.5 Stealth
 - Level 10.0 Invocations


You had 15 spell levels left.
You didn't know any spells.
Your spell library was empty.

Inventory:

Hand Weapons
 w - a +7 heavy arbalest (weapon)
Armour
 l - the +0 swamp dragon scales of Uvopt (worn) {rPois rC+ rN+ Slay+2}
   (Okawaru gifted it to you on level 4 of the Lair of Beasts)

   Slay+2:    It affects your accuracy & damage with ranged weapons and melee
   (+2).
   rC+:       It protects you from cold.
   rPois:     It protects you from poison rN+: It protects you from negative
   energy.
 v - a +2 cloak (worn)
 x - a +3 troll leather armour
Jewellery
 i - a ring of fire
 j - a +5 ring of evasion (right hand)
 m - a ring of poison resistance
 n - a +4 ring of protection (left hand)
 A - the amulet "Emyuj" (around neck) {Faith rPois Str+3 Dex+6 Stlth-}
   (You acquired it on level 3 of the Lair of Beasts)

   [amulet of faith]

   Faith:     It allows you to gain divine favour quickly.
   Str+3:     It affects your strength (+3).
   Dex+6:     It affects your dexterity (+6).
   rPois:     It protects you from poison Stlth-: It makes you less stealthy.
 Y - the ring of Acoal {rF+ Int+6}
   (You found it on level 10 of the Dungeon)

   [ring of intelligence]

   Int+6:     It affects your intelligence (+6).
   rF+:       It protects you from fire.
Wands
 e - a wand of digging (4)
 g - a wand of mindburst (12)
 s - a wand of charming (5)
 t - a wand of polymorph (33)
 u - a wand of quicksilver (14)
 B - a wand of roots (8)
Scrolls
 a - 3 scrolls of brand weapon
 b - 15 scrolls of identify
 q - 11 scrolls of teleportation
 y - a scroll of enchant armour
Potions
 c - a potion of cancellation
 d - 4 potions of resistance
 f - 6 potions of enlightenment
 h - 6 potions of mutation
 k - 6 potions of heal wounds
 o - 2 potions of haste
 p - 7 potions of might
 r - 10 potions of curing
 z - a potion of magic

Dungeon Overview and Level Annotations

Branches:
Dungeon (15/15)            Temple (1/1) D:4            Lair (5/5) D:10
  Swamp (3/4) Lair:3       Spider (1/4) Lair:2        Slime (0/5) Lair:4
    Orc (2/2) D:11            Elf (0/3) Orc:2        Vaults (0/5) D:13
 Depths (0/4) D:15

Altars:
Ashenzari
Cheibriados
Dithmenos
Elyvilon
Fedhas
Gozag
Hepliaklqana
Kikubaaqudgha
Makhleb
Nemelex Xobeh
Okawaru
Qazlal
Ru
Sif Muna
Trog
Uskayaw
Vehumet
Wu Jian
Xom
Yredelemnul
Zin
The Shining One

Shops:
D:3 =   D:5 ?   Orc:2 :[(*

Annotations:
D:3 3 runed translucent doors, qw's ghost, amateur DEHu
D:4 1 runed translucent door, qw's ghost, amateur DEHu
D:8 1 runed translucent door
D:13 2 runed translucent doors, qw's ghost, journeyman SpHu
Lair:1 2 transporters, qw's ghost, novice DjHu
Lair:5 exclusion: obsidian statue
Swamp:2 2 transporters
Orc:1 1 runed translucent door, TarVian's ghost, journeyman MiFi


Message History

The culicivora misses you. The redback completely misses you.
The tarantella completely misses you. The culicivora completely misses you.
The redback completely misses you. The tarantella completely misses you.
You shoot a bolt. The bolt hits the tarantella!!!!
You kill the tarantella!
Okawaru accepts your kill. The culicivora bites you!
The culicivora draws strength from your injuries!
The redback completely misses you. The culicivora completely misses you.
The redback completely misses you. The culicivora completely misses you.
The redback completely misses you.
You shoot a bolt. The bolt closely misses the culicivora.
The bolt hits the orb spider!!
The orb spider is severely wounded.
The culicivora completely misses you. The redback completely misses you.
The culicivora chitters at the orb spider.
The orb spider is healed somewhat.
The redback completely misses you.
You shoot a bolt. The bolt hits the culicivora!!
The culicivora is severely wounded.
The culicivora chitters at the orb spider.
The orb spider is healed somewhat.
The redback completely misses you. The culicivora completely misses you.
The redback completely misses you. The culicivora completely misses you.
The redback completely misses you.
You shoot a bolt. The bolt hits the culicivora!!
You kill the culicivora!
Okawaru accepts your kill. The redback completely misses you.
The orb spider pulsates with a strange energy.
The redback completely misses you.
You shoot a bolt. The bolt hits the redback!!!!
You kill the redback!
Okawaru accepts your kill.
The orb spider weaves a glowing orb of energy.
An orb of destruction comes into view.
You shoot a bolt. The bolt hits the orb spider.
The orb spider is moderately wounded.
The orb spider begins to weave its threads into a brightly glowing ball.
The orb of destruction hits you!!!
Ouch! That really hurt!
You die...

.## .. ..#.. ....
.... .... ....
...#.##... .!...
......#..#####..#..
........%..%.......
........s........^
.........0%%^.#
.......%..0@###
..?......####
.......<.#
.......^##
.......## .......
......> .......
.....s.


You could see an orb spider (charged).

Vanquished Creatures
  A thorn hunter (Swamp:2)
  An orc warlord (Orc:2)
  A stone giant (D:13)
  3 bunyips
  A dire elephant (Lair:5)
  2 eleionomae
  An ettin (D:11)
  A shambling mangrove (Swamp:2)
  Harold (D:11)
  Josephine (Lair:5)
  A rakshasa (D:15)
  2 ghost crabs (Swamp:3)
  6 alligators
  11 hydras
  3 catoblepae
  2 centaur warriors (D:14)
  Erica (D:11)
  2 ogre magi (D:15)
  15 two-headed ogres
  2 boulder beetles
  6 death yaks (Lair:5)
  Urug (D:11)
  3 orc high priests
  3 tengu warriors
  2 skysharks
  2 spectral death yaks (Lair:5)
  Lodul (D:13)
  A spectral anaconda (Lair:5)
  4 spriggan druids
  3 goliath frogs
  An orb spider (Spider:1)
  3 swamp dragons (Swamp:3)
  Pikel (D:6)
  5 orc knights
  5 bog bodies
  4 deep elf pyromancers
  A lindwurm (Lair:2)
  5 necromancers
  2 deep elf zephyrmancers (D:15)
  A wolf spider zombie (D:15)
  2 orc sorcerers (Orc:1)
  2 manticores (D:13)
  15 ugly things
  2 will-o-the-wisps
  A wolf spider (Spider:1)
  7 cyclopes
  27 elephants
  A guardian serpent (D:11)
  Maurice (D:8)
  4 kobold blastminers (Orc:1)
  5 black mambas
  3 gargoyles
  18 cane toads
  A kobold demonologist (D:9)
  2 unseen horrors
  2 centaur skeletons (D:15)
  2 efreet
  A freezing wraith (D:14)
  2 rime drakes
  9 komodo dragons
  3 tengu conjurers
  4 trolls
  Grinder (D:3)
  A bloated husk (Swamp:3)
  A polar bear (Lair:5)
  11 hornets
  8 tyrant leeches
  A meliai zombie (D:15)
  3 tarantellas (Spider:1)
  20 blink frogs
  11 dream sheep (Lair:5)
  5 wraiths
  2 jumping spiders
  4 slime creatures (D:14)
  A shadow (D:6)
  A centaur simulacrum (D:15)
  2 culicivoras (Spider:1)
  8 spriggans
  7 wyverns
  51 yaks
  Eustachio (D:6)
  A steam dragon (D:8)
  4 wargs (Orc:1)
  10 redbacks
  12 vampire mosquitoes
  Menkaure (D:6)
  4 basilisks
  18 water moccasins
  11 swamp worms
  Duvessa (D:5)
  2 acid dragons
  3 spectral cane toads (Lair:5)
  2 swamp drakes (Swamp:1)
  3 sky beasts
  30 orc warriors
  2 ice beasts
  2 black bears
  2 laughing skulls (D:14)
  15 ogres
  3 elephant skeletons (Lair:5)
  18 wolves
  A phantom (D:6)
  6 centaurs
  5 kobold brigands
  3 gnoll sergeants
  11 bullfrogs
  2 scorpions
  A cane toad simulacrum (Lair:5)
  4 wights
  Dowan (D:5)
  2 elephant simulacra (Lair:5)
  9 killer bees (D:9)
  6 howler monkeys
  An electric eel (D:14)
  2 bombardier beetles
  7 hounds
  9 orc priests
  5 jellies
  3 sleepcaps
  3 iguanas
  Natasha (twice) (D:4)
  9 orc wizards
  10 gnolls
  7 adders
  3 shadow imps
  2 white imps
  3 ribbon worms
  53 orcs
  8 ball pythons
  4 endoplasms
  2 giant cockroaches
  8 goblins
  12 hobgoblins
  4 jackals
  16 kobolds
  6 quokkas
  6 bats
  5 rats
750 creatures vanquished.

Vanquished Creatures (others)
  A tengu conjurer (D:15)
  A bloated husk (Swamp:3)
  A vampire mosquito (D:8)
3 creatures vanquished.

Grand Total: 753 creatures vanquished

Notes
Turn   | Place    | Note
-------+----------+-------------------------------------------
     0 | D:1      | qw the Spriggan Hunter began the quest for the Orb.
     0 | D:1      | Reached XP level 1. HP: 10/10 MP: 2/2
     0 | D:1      | 0 ||| qw: Version: 0.3-a-160-g6735b56
     0 | D:1      | 0 ||| qw: Game counter: 4552
     0 | D:1      | 0 ||| qw: Melee chars always use a shield: true
     0 | D:1      | 0 ||| qw: God list: Okawaru
     0 | D:1      | 0 ||| qw: Allow faded altars: false
     0 | D:1      | 0 ||| qw: Do Orc after clearing Dungeon:15 true
     0 | D:1      | 0 ||| qw: Do second Lair branch before Depths: true
     0 | D:1      | 0 ||| qw: Lair rune preference: random
     0 | D:1      | 0 ||| qw: Goals: Normal
     0 | D:1      | 0 ||| PLANNING D:1-11
    81 | D:1      | Reached skill level 3 in Dodging
   209 | D:1      | Reached XP level 2. HP: 14/14 MP: 3/3
   368 | D:1      | Reached skill level 4 in Dodging
   567 | D:1      | Found a faded altar of an unknown god.
   953 | D:1      | 953 ||| UPGRADING to amulet of reflection.
   958 | D:1      | 958 ||| UPGRADING to ring of resist corrosion.
   959 | D:1      | 959 ||| UPGRADING to +5 ring of evasion.
   960 | D:1      | 960 ||| READING scroll labelled QEMI ZUKENUX.
   960 | D:1      | 960 ||| IDENTIFYING fuming puce potion
   961 | D:1      | 961 ||| READING scroll labelled BICIATZ WAAR.
   962 | D:1      | 962 ||| READING scroll labelled KUHUULLUMA.
   963 | D:1      | 963 ||| READING 3 scrolls labelled SIYPHEITWEQED.
   963 | D:1      | Identified 3 scrolls of acquirement
   963 | D:1      | 963 ||| ACQUIRING 661 gold pieces
   963 | D:1      | Acquired 661 gold pieces
   965 | D:1      | 965 ||| READING 2 scrolls of acquirement.
   965 | D:1      | 965 ||| ACQUIRING +2 heavy shortbow
   965 | D:1      | Acquired a +2 heavy shortbow
   967 | D:1      | 967 ||| SWAPPING to +2 heavy shortbow.
   968 | D:1      | 968 ||| DROPPING +0 shortbow.
   969 | D:1      | 969 ||| READING scroll of acquirement.
   969 | D:1      | 969 ||| ACQUIRING +1 orcbow of draining
   969 | D:1      | Acquired a +1 orcbow of draining
   971 | D:1      | 971 ||| SWAPPING to +1 orcbow of draining.
   972 | D:1      | 972 ||| DROPPING +2 heavy shortbow.
   973 | D:1      | 973 ||| READING scroll labelled OPIUGH LUUR.
   974 | D:1      | 974 ||| DROPPING scroll of butterflies.
   976 | D:1      | 976 ||| Stepping ~*~*~tactically~*~*~ (cloud).
   983 | D:1      | HP: 3/14 [poisoned by you (poison gas)]
  1230 | D:2      | Reached XP level 3. HP: 18/18 MP: 4/4
  1675 | D:2      | 1675 ||| READING scroll of identify.
  1675 | D:2      | 1675 ||| IDENTIFYING viscous cyan potion
  1676 | D:2      | 1676 ||| READING 2 scrolls labelled RORGHA AHIPEURCH.
  1676 | D:2      | 1676 ||| ENCHANTING +1 orcbow of draining.
  1677 | D:2      | 1677 ||| READING scroll of enchant weapon.
  1677 | D:2      | 1677 ||| ENCHANTING +2 orcbow of draining.
  1678 | D:2      | 1678 ||| READING 2 scrolls labelled FUIXTU TUEX.
  1682 | D:2      | 1682 ||| READING scroll labelled RYOSTITZEB.
  1783 | D:2      | 1783 ||| READING scroll labelled BESE TAXTEYGHU.
  1784 | D:2      | 1784 ||| READING scroll labelled ZISKET OPOMUTH.
  1784 | D:2      | 1784 ||| ENCHANTING +3 orcbow of draining.
  1785 | D:2      | 1785 ||| DRINKING 2 dark potions.
  1786 | D:2      | 1786 ||| DRINKING 2 murky emerald potions.
  1787 | D:2      | 1787 ||| DROPPING potion of magic.
  1788 | D:2      | 1788 ||| DROPPING potion of attraction.
  1900 | D:3      | Found a shimmering altar of Xom.
  1960 | D:3      | Found Disch's Jewellery Shop.
  1963 | D:3      | 1963 ||| BUYING +4 ring of protection (468 gold).
  1963 | D:3      | Bought a +4 ring of protection for 468 gold pieces
  1963 | D:3      | 1963 ||| SHOPLISTING amulet of Vitality {RegenMP++ Regen++}
                  | (1300 gold, have 332).
  1963 | D:3      | 1963 ||| BUYING ring of fire (325 gold).
  1963 | D:3      | Bought a ring of fire for 325 gold pieces
  2063 | D:3      | HP: 3/18 [orc priest/divine providence (15)]
  2064 | D:3      | 2064 ||| READING scroll of teleportation.
  2065 | D:3      | 2065 ||| FLEEEEING.
  2066 | D:3      | 2066 ||| FLEEEEING.
  2067 | D:3      | 2067 ||| FLEEEEING.
  2068 | D:3      | 2068 ||| FLEEEEING.
  2155 | D:3      | Noticed Grinder
  2157 | D:3      | Paralysed by Grinder for 2 turns
  2171 | D:3      | 2171 ||| FLEEEEING.
  2172 | D:3      | 2172 ||| FLEEEEING.
  2182 | D:3      | Paralysed by Grinder for 2 turns
  2189 | D:3      | Killed Grinder
  2190 | D:3      | Reached skill level 7 in Dodging
  2190 | D:3      | Reached XP level 4. HP: 22/22 MP: 5/5
  2190 | D:3      | Reached XP level 5. HP: 25/25 MP: 6/6
  2190 | D:3      | Reached XP level 6. HP: 30/30 MP: 7/7
  2302 | D:3      | Noticed qw's ghost (amateur DEHu)
  2304 | D:3      | Found a runed translucent gate.
  2304 | D:3      | Found a runed translucent gate.
  2304 | D:3      | Found a runed translucent gate.
  2631 | D:3      | 2631 ||| UPGRADING to +4 ring of protection.
  2633 | D:3      | 2633 ||| DROPPING ring of resist corrosion.
  2634 | D:3      | 2634 ||| READING scroll labelled ZAUDAM UKEAZUXT.
  2635 | D:3      | 2635 ||| DRINKING 2 pink potions.
  2885 | D:4      | Noticed Natasha
  2889 | D:4      | 2889 ||| RETREEEEATING.
  2892 | D:4      | Killed Natasha
  3081 | D:4      | Found a staircase to the Ecumenical Temple.
  3082 | D:4      | 3082 ||| PLANNING TEMPLE
  3082 | D:4      | 3082 ||| READING scroll of identify.
  3082 | D:4      | 3082 ||| IDENTIFYING fuming grey potion
  3083 | D:4      | 3083 ||| DRINKING 2 sapphire potions.
  3084 | D:4      | 3084 ||| DRINKING 2 viscous orange potions.
  3085 | D:4      | 3085 ||| DRINKING 3 fuming silvery potions.
  3086 | D:4      | 3086 ||| DRINKING 2 glowing grey potions.
  3087 | D:4      | 3087 ||| DROPPING potion of degeneration.
  3088 | D:4      | 3088 ||| DROPPING potion of brilliance.
  3098 | Temple   | Entered the Ecumenical Temple
  3099 | Temple   | 3099 ||| PLANNING OKAWARU WORSHIP
  3117 | Temple   | Became a worshipper of Warmaster Okawaru
  3118 | Temple   | 3118 ||| PLANNING D:1-11
  3380 | D:4      | Noticed Natasha
  3383 | D:4      | Killed Natasha
  3422 | D:4      | Found a snail-covered altar of Cheibriados.
  3430 | D:4      | Reached skill level 6 in Ranged Weapons
  3498 | D:4      | Found a runed translucent door.
  3499 | D:4      | Noticed qw's ghost (amateur DEHu)
  3642 | D:5      | Entered Level 5 of the Dungeon
  3642 | D:5      | Found Akhlon's Magic Scroll Shoppe.
  3649 | D:5      | 3649 ||| BUYING scroll of enchant armour (97 gold).
  3649 | D:5      | Bought a scroll of enchant armour for 97 gold pieces
  3649 | D:5      | 3649 ||| BUYING scroll of identify (26 gold).
  3649 | D:5      | Bought a scroll of identify for 26 gold pieces
  3649 | D:5      | 3649 ||| BUYING scroll of teleportation (39 gold).
  3649 | D:5      | Bought a scroll of teleportation for 39 gold pieces
  3649 | D:5      | 3649 ||| SHOPLISTING scroll of teleportation (39 gold, have
                  | 15).
  3655 | D:5      | Noticed an ice beast
  3661 | D:5      | Killed an ice beast
  3662 | D:5      | Reached XP level 7. HP: 27/35 MP: 8/8
  3765 | D:5      | Found a sacrificial altar of Ru.
  4020 | D:5      | Reached * piety under Okawaru
  4030 | D:5      | Noticed Duvessa
  4035 | D:5      | Noticed Dowan
  4038 | D:5      | Killed Duvessa
  4039 | D:5      | Reached skill level 1 in Invocations
  4039 | D:5      | 4039 ||| INVOKING Heroism.
  4041 | D:5      | Killed Dowan
  4288 | D:5      | Reached XP level 8. HP: 39/39 MP: 10/10
  4433 | D:5      | Found a glowing silver altar of Zin.
  4710 | D:5      | 4710 ||| DROPPING ring of flight.
  4711 | D:5      | 4711 ||| DROPPING ring of ice.
  4712 | D:5      | 4712 ||| READING 2 scrolls of identify.
  4712 | D:5      | 4712 ||| IDENTIFYING emerald potion
  4713 | D:5      | 4713 ||| READING scroll of identify.
  4713 | D:5      | 4713 ||| IDENTIFYING ruby potion
  4714 | D:5      | 4714 ||| DROPPING potion of lignification.
  4892 | D:6      | 4892 ||| INVOKING Heroism.
  4893 | D:6      | 4893 ||| DRINKING potion of haste.
  4895 | D:6      | Reached skill level 3 in Invocations
  4926 | D:6      | Noticed Menkaure
  4930 | D:6      | Killed Menkaure
  4931 | D:6      | Reached skill level 8 in Dodging
  4961 | D:6      | Noticed Eustachio
  4965 | D:6      | Killed Eustachio
  4965 | D:6      | Reached ** piety under Okawaru
  5091 | D:6      | Reached skill level 3 in Fighting
  5269 | D:6      | Reached skill level 9 in Ranged Weapons
  5328 | D:6      | Reached skill level 9 in Dodging
  5328 | D:6      | Reached XP level 9. HP: 32/44 MP: 13/13
  5381 | D:6      | Reached *** piety under Okawaru
  5490 | D:6      | Identified the +9 halberd of Truncation {drain, rPois
                  | Dex+2}
  5601 | D:6      | Noticed Pikel
  5601 | D:6      | 5601 ||| INVOKING Heroism.
  5613 | D:6      | Killed Pikel
  5614 | D:6      | Reached skill level 11 in Dodging
  5733 | D:7      | Found an ancient bone altar of Kikubaaqudgha.
  5739 | D:7      | Found an ornate altar of the Wu Jian Council.
  5966 | D:7      | Found a white marble altar of Elyvilon.
  6374 | D:7      | 6374 ||| RETREEEEATING.
  6376 | D:7      | 6376 ||| RETREEEEATING.
  6378 | D:7      | 6378 ||| RETREEEEATING.
  6380 | D:7      | 6380 ||| RETREEEEATING.
  6382 | D:7      | 6382 ||| RETREEEEATING.
  6383 | D:7      | 6383 ||| RETREEEEATING.
  6384 | D:7      | 6384 ||| RETREEEEATING.
  6394 | D:7      | Reached **** piety under Okawaru
  6692 | D:8      | Identified the +1 falchion of Xytuumong {antimagic, rC+
                  | Dex+2}
  6855 | D:8      | Found a runed translucent door.
  7305 | D:8      | Noticed a two-headed ogre
  7306 | D:8      | 7306 ||| RETREEEEATING.
  7308 | D:8      | 7308 ||| INVOKING Finesse.
  7331 | D:8      | Killed a two-headed ogre
  7332 | D:8      | Reached XP level 10. HP: 41/49 MP: 9/15
  7343 | D:8      | Reached skill level 6 in Invocations
  7478 | D:8      | Noticed a catoblepas
  7479 | D:8      | 7479 ||| ZAPPING wand of quicksilver (11) at 6,5
                  | (catoblepas; floor).
  7480 | D:8      | 7480 ||| Stepping ~*~*~tactically~*~*~ (cloud).
  7485 | D:8      | 7485 ||| INVOKING Finesse.
  7486 | D:8      | 7486 ||| Stepping ~*~*~tactically~*~*~ (cloud).
  7499 | D:8      | Killed a catoblepas
  7500 | D:8      | 7500 ||| Stepping ~*~*~tactically~*~*~ (cloud).
  7508 | D:8      | Noticed a five-headed hydra
  7512 | D:8      | Noticed a red ugly thing
  7513 | D:8      | Killed a five-headed hydra
  7513 | D:8      | Reached ***** piety under Okawaru
  7514 | D:8      | Reached skill level 12 in Dodging
  7519 | D:8      | Noticed Maurice
  7525 | D:8      | Killed a red ugly thing
  7530 | D:8      | Killed Maurice
  7530 | D:8      | Received a gift from Okawaru
  7572 | D:8      | Noticed a gargoyle
  7573 | D:8      | 7573 ||| INVOKING Finesse.
  7589 | D:8      | Killed a gargoyle
  7590 | D:8      | Reached XP level 11. HP: 53/53 MP: 14/18
  7698 | D:8      | Noticed a green ugly thing
  7699 | D:8      | 7699 ||| INVOKING Finesse.
  7712 | D:8      | Killed a green ugly thing
  7813 | D:8      | Found a burning altar of Makhleb.
  7813 | D:8      | Noticed a sixfirhy
  7814 | D:8      | 7814 ||| UPGRADING to +1 cloak.
  7819 | D:8      | 7819 ||| UPGRADING to +0 troll leather armour.
  7829 | D:8      | 7829 ||| DROPPING +0 robe.
  7830 | D:8      | 7830 ||| READING 3 scrolls of enchant armour.
  7830 | D:8      | 7830 ||| ENCHANTING +1 cloak.
  7831 | D:8      | 7831 ||| READING 2 scrolls of enchant armour.
  7831 | D:8      | 7831 ||| ENCHANTING +0 troll leather armour.
  7832 | D:8      | 7832 ||| READING scroll of enchant armour.
  7832 | D:8      | 7832 ||| ENCHANTING +1 troll leather armour.
  7833 | D:8      | 7833 ||| DROPPING ring of positive energy.
  7834 | D:8      | 7834 ||| READING 7 scrolls of identify.
  7834 | D:8      | 7834 ||| IDENTIFYING scroll labelled RESTRI PEAME
  7835 | D:8      | 7835 ||| READING 6 scrolls of identify.
  7835 | D:8      | 7835 ||| IDENTIFYING scroll labelled LYUPNOA FEXEO
  7836 | D:8      | 7836 ||| DROPPING scroll of fear.
  7837 | D:8      | 7837 ||| DROPPING scroll of vulnerability.
  7911 | D:9      | Found a radiant altar of Vehumet.
  7957 | D:9      | 7957 ||| RETREEEEATING.
  7960 | D:9      | 7960 ||| RETREEEEATING.
  7962 | D:9      | 7962 ||| RETREEEEATING.
  7964 | D:9      | 7964 ||| RETREEEEATING.
  7976 | D:9      | Reached skill level 1 in Armour
  7986 | D:9      | 7986 ||| RETREEEEATING.
  7988 | D:9      | 7988 ||| RETREEEEATING.
  7989 | D:9      | 7989 ||| RETREEEEATING.
  7990 | D:9      | 7990 ||| RETREEEEATING.
  7991 | D:9      | 7991 ||| RETREEEEATING.
  7993 | D:9      | 7993 ||| RETREEEEATING.
  7996 | D:9      | Reached skill level 9 in Invocations
  8090 | D:9      | Found a broken altar of Ashenzari.
  8092 | D:9      | 8092 ||| READING scroll of enchant armour.
  8092 | D:9      | 8092 ||| ENCHANTING +2 troll leather armour.
  8308 | D:9      | Noticed a sun demon
  8308 | D:9      | 8308 ||| INVOKING Finesse.
  8309 | D:9      | 8309 ||| INVOKING Heroism.
  8311 | D:9      | Reached skill level 12 in Ranged Weapons
  8625 | D:9      | 8625 ||| RETREEEEATING.
  8626 | D:9      | 8626 ||| RETREEEEATING.
  8628 | D:9      | 8628 ||| RETREEEEATING.
  8634 | D:9      | 8634 ||| RETREEEEATING.
  8759 | D:9      | 8759 ||| UPGRADING to ring of poison resistance.
  8761 | D:9      | 8761 ||| READING 7 scrolls of identify.
  8761 | D:9      | 8761 ||| IDENTIFYING 2 cyan potions
  8776 | D:10     | Entered Level 10 of the Dungeon
  8825 | D:10     | Found a staircase to the Lair.
  8962 | D:10     | Identified the ring of Acoal {rF+ Int+6}
  9002 | D:10     | Noticed a two-headed ogre
  9003 | D:10     | 9003 ||| INVOKING Finesse.
  9010 | D:10     | Killed a two-headed ogre
  9089 | D:10     | Identified the +0 robe "Ralif" {Dex+3}
  9489 | D:10     | 9489 ||| PLANNING LAIR
  9489 | D:10     | 9489 ||| READING 7 scrolls of identify.
  9489 | D:10     | 9489 ||| IDENTIFYING murky clear potion
  9490 | D:10     | 9490 ||| DROPPING potion of ambrosia.
  9495 | Lair:1   | Entered Level 1 of the Lair of Beasts
  9497 | Lair:1   | 9497 ||| STAIRDANCE
  9533 | Lair:1   | 9533 ||| STAIRDANCE
  9557 | Lair:1   | 9557 ||| STAIRDANCE
  9608 | Lair:1   | Noticed qw's ghost (novice DjHu)
  9614 | Lair:1   | Found a transporter.
  9618 | Lair:1   | Found a transporter.
  9634 | Lair:1   | Received a gift from Okawaru
  9637 | Lair:1   | 9637 ||| RETREEEEATING.
  9638 | Lair:1   | 9638 ||| RETREEEEATING.
  9641 | Lair:1   | 9641 ||| RETREEEEATING.
  9642 | Lair:1   | 9642 ||| RETREEEEATING.
  9643 | Lair:1   | 9643 ||| RETREEEEATING.
  9646 | Lair:1   | 9646 ||| RETREEEEATING.
  9647 | Lair:1   | 9647 ||| RETREEEEATING.
  9649 | Lair:1   | 9649 ||| RETREEEEATING.
  9652 | Lair:1   | 9652 ||| RETREEEEATING.
  9657 | Lair:1   | 9657 ||| RETREEEEATING.
  9658 | Lair:1   | 9658 ||| RETREEEEATING.
  9663 | Lair:1   | 9663 ||| RETREEEEATING.
  9664 | Lair:1   | 9664 ||| RETREEEEATING.
  9665 | Lair:1   | 9665 ||| RETREEEEATING.
  9666 | Lair:1   | 9666 ||| RETREEEEATING.
  9667 | Lair:1   | 9667 ||| RETREEEEATING.
  9668 | Lair:1   | 9668 ||| RETREEEEATING.
  9669 | Lair:1   | 9669 ||| RETREEEEATING.
  9674 | Lair:1   | 9674 ||| RETREEEEATING.
  9675 | Lair:1   | 9675 ||| RETREEEEATING.
  9687 | Lair:1   | 9687 ||| RETREEEEATING.
  9688 | Lair:1   | 9688 ||| RETREEEEATING.
  9726 | Lair:1   | Reached XP level 12. HP: 60/60 MP: 20/20
  9787 | Lair:1   | Reached skill level 13 in Dodging
  9790 | Lair:1   | 9790 ||| RETREEEEATING.
  9791 | Lair:1   | 9791 ||| RETREEEEATING.
  9792 | Lair:1   | 9792 ||| RETREEEEATING.
  9793 | Lair:1   | 9793 ||| RETREEEEATING.
  9794 | Lair:1   | 9794 ||| RETREEEEATING.
  9795 | Lair:1   | 9795 ||| RETREEEEATING.
  9796 | Lair:1   | 9796 ||| RETREEEEATING.
  9797 | Lair:1   | 9797 ||| RETREEEEATING.
  9798 | Lair:1   | 9798 ||| RETREEEEATING.
  9799 | Lair:1   | 9799 ||| RETREEEEATING.
  9800 | Lair:1   | 9800 ||| RETREEEEATING.
 10305 | Lair:2   | Found a hole to the Spider Nest.
 10354 | Lair:2   | 10354 ||| RETREEEEATING.
 10358 | Lair:2   | 10358 ||| RETREEEEATING.
 10370 | Lair:2   | Received a gift from Okawaru
 10466 | Lair:2   | Reached skill level 6 in Fighting
 10677 | Lair:2   | Reached skill level 14 in Dodging
 10733 | Lair:2   | 10733 ||| DRINKING 2 potions of cancellation.
 10809 | Lair:2   | Noticed a four-headed hydra
 10810 | Lair:2   | 10810 ||| RETREEEEATING.
 10812 | Lair:2   | 10812 ||| RETREEEEATING.
 10813 | Lair:2   | 10813 ||| RETREEEEATING.
 10815 | Lair:2   | 10815 ||| RETREEEEATING.
 10816 | Lair:2   | 10816 ||| RETREEEEATING.
 10818 | Lair:2   | 10818 ||| RETREEEEATING.
 10819 | Lair:2   | 10819 ||| RETREEEEATING.
 10821 | Lair:2   | 10821 ||| RETREEEEATING.
 10822 | Lair:2   | 10822 ||| RETREEEEATING.
 10824 | Lair:2   | 10824 ||| RETREEEEATING.
 10825 | Lair:2   | 10825 ||| RETREEEEATING.
 10827 | Lair:2   | 10827 ||| RETREEEEATING.
 10828 | Lair:2   | 10828 ||| RETREEEEATING.
 10830 | Lair:2   | 10830 ||| RETREEEEATING.
 10831 | Lair:2   | 10831 ||| RETREEEEATING.
 10832 | Lair:2   | 10832 ||| RETREEEEATING.
 10834 | Lair:2   | 10834 ||| RETREEEEATING.
 10835 | Lair:2   | 10835 ||| RETREEEEATING.
 10841 | Lair:2   | 10841 ||| RETREEEEATING.
 10842 | Lair:2   | 10842 ||| ZAPPING wand of quicksilver (19) at -4,-3
                  | (four-headed hydra; floor).
 10843 | Lair:2   | 10843 ||| ZAPPING wand of quicksilver (18) at -3,-3
                  | (four-headed hydra; floor).
 10844 | Lair:2   | 10844 ||| ZAPPING wand of quicksilver (17) at -2,-2
                  | (four-headed hydra; floor).
 10845 | Lair:2   | 10845 ||| INVOKING Finesse.
 10848 | Lair:2   | Killed a four-headed hydra
 11033 | Lair:2   | 11033 ||| DROPPING amulet of regeneration.
 11120 | Lair:3   | 11120 ||| READING scroll of enchant weapon.
 11120 | Lair:3   | 11120 ||| ENCHANTING +3 orcbow of draining.
 11202 | Lair:3   | Received a gift from Okawaru
 11203 | Lair:3   | Reached skill level 15 in Ranged Weapons
 11224 | Lair:3   | Found a staircase to the Swamp.
 11263 | Lair:3   | Noticed an eight-headed hydra
 11265 | Lair:3   | 11265 ||| INVOKING Finesse.
 11274 | Lair:3   | Killed an eight-headed hydra
 11549 | Lair:3   | 11549 ||| RETREEEEATING.
 11553 | Lair:3   | 11553 ||| RETREEEEATING.
 11555 | Lair:3   | 11555 ||| RETREEEEATING.
 11556 | Lair:3   | 11556 ||| RETREEEEATING.
 11558 | Lair:3   | 11558 ||| RETREEEEATING.
 11560 | Lair:3   | Received a gift from Okawaru
 11563 | Lair:3   | 11563 ||| RETREEEEATING.
 11566 | Lair:3   | Reached skill level 15 in Dodging
 11566 | Lair:3   | Reached XP level 13. HP: 65/65 MP: 21/21
 11611 | Lair:3   | 11611 ||| RETREEEEATING.
 11614 | Lair:3   | 11614 ||| RETREEEEATING.
 11717 | Lair:3   | 11717 ||| READING scroll of acquirement.
 11717 | Lair:3   | 11717 ||| ACQUIRING amulet "Emyuj" {Faith rPois Str+3 Dex+6
                  | Stlth-}
 11717 | Lair:3   | Acquired the amulet "Emyuj" {Faith rPois Str+3 Dex+6
                  | Stlth-}
 11719 | Lair:3   | 11719 ||| UPGRADING to amulet "Emyuj" {Faith rPois Str+3
                  | Dex+6 Stlth-}.
 11729 | Lair:3   | 11729 ||| REMOVING ring of poison resistance.
 12001 | Lair:3   | Found a dark tunnel.
 12076 | Lair:3   | 12076 ||| DROPPING scarf of harm.
 12077 | Lair:3   | 12077 ||| DROPPING amulet of reflection.
 12078 | Lair:3   | 12078 ||| UPGRADING to ring of Acoal {rF+ Int+6}.
 12079 | Lair:3   | 12079 ||| UPGRADING to +4 ring of protection.
 12081 | Lair:3   | 12081 ||| READING 10 scrolls of identify.
 12081 | Lair:3   | 12081 ||| IDENTIFYING scroll labelled ELEYXZ OTIOHU
 12082 | Lair:3   | 12082 ||| READING 9 scrolls of identify.
 12082 | Lair:3   | 12082 ||| IDENTIFYING scroll labelled HEOZUENWUI
 12083 | Lair:3   | 12083 ||| READING 8 scrolls of identify.
 12083 | Lair:3   | 12083 ||| IDENTIFYING scroll labelled GIZUBI RETUIG
 12084 | Lair:3   | 12084 ||| DROPPING scroll of torment.
 12085 | Lair:3   | 12085 ||| DROPPING scroll of blinking.
 12086 | Lair:3   | 12086 ||| DROPPING scroll of immolation.
 12267 | Lair:4   | 12267 ||| RETREEEEATING.
 12276 | Lair:4   | Reached ****** piety under Okawaru
 12280 | Lair:4   | Reached skill level 16 in Dodging
 12280 | Lair:4   | 12280 ||| INVOKING Receive Weapon.
 12280 | Lair:4   | 12280 ||| ACQUIRING +7 heavy arbalest
 12280 | Lair:4   | Acquired a +7 heavy arbalest
 12280 | Lair:4   | Received a gift from Okawaru
 12289 | Lair:4   | 12289 ||| INVOKING Receive Armour.
 12289 | Lair:4   | 12289 ||| ACQUIRING +0 swamp dragon scales of Uvopt {rPois
                  | rC+ rN+ Slay+2}
 12289 | Lair:4   | Acquired the +0 swamp dragon scales of Uvopt {rPois rC+ rN+
                  | Slay+2}
 12289 | Lair:4   | Received a gift from Okawaru
 12291 | Lair:4   | 12291 ||| SWAPPING to +7 heavy arbalest.
 12292 | Lair:4   | 12292 ||| DROPPING +4 orcbow of draining.
 12412 | Lair:4   | Received a gift from Okawaru
 12659 | Lair:4   | Found a staircase to the Slime Pits.
 13037 | Lair:4   | 13037 ||| UPGRADING to +0 swamp dragon scales of Uvopt
                  | {rPois rC+ rN+ Slay+2}.
 13099 | Lair:5   | Entered Level 5 of the Lair of Beasts
 13103 | Lair:5   | 13103 ||| RETREEEEATING.
 13106 | Lair:5   | 13106 ||| RETREEEEATING.
 13107 | Lair:5   | 13107 ||| RETREEEEATING.
 13109 | Lair:5   | 13109 ||| INVOKING Finesse.
 13124 | Lair:5   | Noticed Josephine
 13125 | Lair:5   | Reached skill level 3 in Armour
 13127 | Lair:5   | Killed Josephine
 13140 | Lair:5   | Received a gift from Okawaru
 13250 | Lair:5   | 13250 ||| RETREEEEATING.
 13252 | Lair:5   | 13252 ||| RETREEEEATING.
 13254 | Lair:5   | 13254 ||| RETREEEEATING.
 13256 | Lair:5   | 13256 ||| RETREEEEATING.
 13258 | Lair:5   | 13258 ||| RETREEEEATING.
 13260 | Lair:5   | 13260 ||| RETREEEEATING.
 13267 | Lair:5   | 13267 ||| RETREEEEATING.
 13475 | Lair:5   | 13475 ||| RETREEEEATING.
 13476 | Lair:5   | 13476 ||| RETREEEEATING.
 13477 | Lair:5   | 13477 ||| RETREEEEATING.
 13479 | Lair:5   | 13479 ||| RETREEEEATING.
 13482 | Lair:5   | 13482 ||| RETREEEEATING.
 13483 | Lair:5   | 13483 ||| RETREEEEATING.
 13484 | Lair:5   | 13484 ||| RETREEEEATING.
 13485 | Lair:5   | 13485 ||| RETREEEEATING.
 13486 | Lair:5   | 13486 ||| RETREEEEATING.
 13487 | Lair:5   | 13487 ||| RETREEEEATING.
 13488 | Lair:5   | 13488 ||| RETREEEEATING.
 13490 | Lair:5   | 13490 ||| INVOKING Finesse.
 13506 | Lair:5   | Received a gift from Okawaru
 13518 | Lair:5   | 13518 ||| FLEEEEING.
 13519 | Lair:5   | 13519 ||| FLEEEEING.
 13524 | Lair:5   | Reached XP level 14. HP: 37/72 MP: 22/22
 13741 | Lair:5   | 13741 ||| Stepping ~*~*~tactically~*~*~ (cloud).
 13748 | Lair:5   | Received a gift from Okawaru
 13829 | Lair:5   | Reached skill level 17 in Dodging
 14015 | Lair:5   | 14015 ||| RETREEEEATING.
 14022 | Lair:5   | 14022 ||| RETREEEEATING.
 14030 | Lair:5   | 14030 ||| RETREEEEATING.
 14033 | Lair:5   | 14033 ||| RETREEEEATING.
 14460 | Lair:5   | Identified the +7 trident "Hanususo" {speed, ^Contam rF+
                  | Str+3}
 14461 | Lair:5   | Got an earthy gem with 267 turns to spare
 14500 | Lair:5   | 14500 ||| INVOKING Finesse.
 14526 | Lair:5   | HP: 16/71 [ice devil[an obsidian statue] (3)]
 14526 | Lair:5   | HP: 6/71 [ice devil[an obsidian statue] (10)]
 14527 | Lair:5   | 14527 ||| READING 4 scrolls of teleportation.
 14528 | Lair:5   | 14528 ||| DRINKING 3 potions of heal wounds.
 14725 | Lair:5   | 14725 ||| RETREEEEATING.
 14733 | Lair:5   | Reached skill level 18 in Ranged Weapons
 14743 | Lair:5   | 14743 ||| RETREEEEATING.
 14745 | Lair:5   | 14745 ||| RETREEEEATING.
 14747 | Lair:5   | 14747 ||| RETREEEEATING.
 14776 | Lair:5   | 14776 ||| RETREEEEATING.
 14777 | Lair:5   | 14777 ||| RETREEEEATING.
 14778 | Lair:5   | 14778 ||| RETREEEEATING.
 14779 | Lair:5   | 14779 ||| RETREEEEATING.
 14780 | Lair:5   | 14780 ||| RETREEEEATING.
 14781 | Lair:5   | 14781 ||| RETREEEEATING.
 14782 | Lair:5   | 14782 ||| RETREEEEATING.
 14783 | Lair:5   | 14783 ||| RETREEEEATING.
 14784 | Lair:5   | 14784 ||| RETREEEEATING.
 14788 | Lair:5   | 14788 ||| RETREEEEATING.
 14789 | Lair:5   | 14789 ||| RETREEEEATING.
 14790 | Lair:5   | Received a gift from Okawaru
 15147 | Lair:5   | 15147 ||| PLANNING D:1-11
 15296 | D:11     | 15296 ||| STAIRDANCE
 15301 | D:11     | 15301 ||| STAIRDANCE
 15310 | D:11     | 15310 ||| STAIRDANCE
 15321 | D:11     | 15321 ||| STAIRDANCE
 15385 | D:11     | Found a staircase to the Orcish Mines.
 15470 | D:11     | Noticed Harold
 15483 | D:11     | Killed Harold
 15777 | D:11     | You fall into a shaft and drop 3 floors!
 15932 | D:14     | Received a gift from Okawaru
 15952 | D:14     | Reached skill level 18 in Dodging
 16332 | D:11     | Noticed Erica
 16335 | D:11     | Killed Erica
 16361 | D:11     | Received a gift from Okawaru
 16750 | D:11     | Noticed Urug
 16752 | D:11     | Killed Urug
 17094 | D:11     | 17094 ||| PLANNING D
 17094 | D:11     | 17094 ||| DROPPING amulet of faith.
 17095 | D:11     | 17095 ||| DROPPING +6 ring of strength.
 17165 | D:12     | Reached XP level 15. HP: 77/77 MP: 23/23
 17241 | D:12     | Found a faded altar of an unknown god.
 17575 | D:13     | Found a large runed translucent door.
 17575 | D:13     | Found a large runed translucent door.
 17598 | D:13     | Noticed Lodul
 17599 | D:13     | 17599 ||| ZAPPING wand of quicksilver (17) at -7,0 (Lodul;
                  | floor).
 17600 | D:13     | 17600 ||| RETREEEEATING.
 17601 | D:13     | 17601 ||| RETREEEEATING.
 17602 | D:13     | 17602 ||| ZAPPING wand of quicksilver (16) at -7,0 (Lodul;
                  | floor).
 17603 | D:13     | 17603 ||| RETREEEEATING.
 17604 | D:13     | 17604 ||| RETREEEEATING.
 17605 | D:13     | 17605 ||| ZAPPING wand of quicksilver (15) at -7,0 (Lodul;
                  | floor).
 17606 | D:13     | 17606 ||| INVOKING Finesse.
 17611 | D:13     | Killed Lodul
 17612 | D:13     | Reached skill level 19 in Dodging
 17651 | D:13     | Received a gift from Okawaru
 18282 | D:13     | Found a gate to the Vaults.
 18287 | D:13     | 18287 ||| FLEEEEING.
 18288 | D:13     | 18288 ||| FLEEEEING.
 18546 | D:13     | Noticed qw's ghost (journeyman SpHu)
 18798 | D:14     | 18798 ||| RETREEEEATING.
 18800 | D:14     | Reached skill level 9 in Fighting
 18801 | D:14     | 18801 ||| RETREEEEATING.
 18803 | D:14     | 18803 ||| RETREEEEATING.
 18804 | D:14     | 18804 ||| RETREEEEATING.
 18805 | D:14     | 18805 ||| RETREEEEATING.
 18806 | D:14     | 18806 ||| RETREEEEATING.
 18808 | D:14     | 18808 ||| RETREEEEATING.
 18809 | D:14     | Received a gift from Okawaru
 19123 | D:15     | Entered Level 15 of the Dungeon
 19135 | D:15     | 19135 ||| STAIRDANCE
 19232 | D:15     | Received a gift from Okawaru
 19262 | D:15     | Reached skill level 20 in Dodging
 19356 | D:15     | 19356 ||| RETREEEEATING.
 19357 | D:15     | 19357 ||| RETREEEEATING.
 19358 | D:15     | 19358 ||| RETREEEEATING.
 19359 | D:15     | 19359 ||| RETREEEEATING.
 19363 | D:15     | 19363 ||| INVOKING Finesse.
 19367 | D:15     | Received a gift from Okawaru
 19601 | D:15     | Reached skill level 21 in Dodging
 19703 | D:15     | Found a staircase to the Depths.
 19748 | D:15     | 19748 ||| RETREEEEATING.
 19750 | D:15     | 19750 ||| RETREEEEATING.
 19973 | D:15     | Identified the +7 long sword of Dudyihuw {antimagic, Will+}
 20204 | D:15     | Found a hide-covered altar of Uskayaw.
 20412 | D:15     | 20412 ||| PLANNING ORC
 20482 | Orc:1    | Entered Level 1 of the Orcish Mines
 20485 | Orc:1    | 20485 ||| STAIRDANCE
 20487 | D:11     | Received a gift from Okawaru
 20490 | Orc:1    | 20490 ||| STAIRDANCE
 20704 | Orc:1    | Found a runed translucent door.
 20709 | Orc:1    | Noticed TarVian's ghost (journeyman MiFi)
 20777 | Orc:2    | Entered Level 2 of the Orcish Mines
 20777 | Orc:2    | Found Anenid's Antique Weapon Boutique.
 20779 | Orc:2    | 20779 ||| STAIRDANCE
 20784 | Orc:2    | 20784 ||| STAIRDANCE
 20812 | Orc:2    | 20812 ||| STAIRDANCE
 20850 | Orc:2    | 20850 ||| STAIRDANCE
 20860 | Orc:2    | 20860 ||| STAIRDANCE
 20928 | Orc:2    | 20928 ||| STAIRDANCE
 20936 | Orc:2    | 20936 ||| STAIRDANCE
 20944 | Orc:2    | 20944 ||| STAIRDANCE
 20948 | Orc:1    | Reached skill level 22 in Dodging
 20959 | Orc:2    | 20959 ||| STAIRDANCE
 21024 | Orc:2    | 21024 ||| STAIRDANCE
 21051 | Orc:2    | 21051 ||| STAIRDANCE
 21057 | Orc:2    | 21057 ||| STAIRDANCE
 21068 | Orc:2    | 21068 ||| STAIRDANCE
 21074 | Orc:2    | 21074 ||| STAIRDANCE
 21105 | Orc:2    | 21105 ||| INVOKING Finesse.
 21109 | Orc:2    | 21109 ||| STAIRDANCE
 21184 | Orc:2    | Found a staircase to the Elven Halls.
 21205 | Orc:2    | 21205 ||| RETREEEEATING.
 21206 | Orc:2    | 21206 ||| RETREEEEATING.
 21224 | Orc:2    | Found Bymm's Antique Armour Shop.
 21231 | Orc:2    | 21231 ||| RETREEEEATING.
 21234 | Orc:2    | 21234 ||| RETREEEEATING.
 21235 | Orc:2    | 21235 ||| RETREEEEATING.
 21236 | Orc:2    | 21236 ||| RETREEEEATING.
 21238 | Orc:2    | 21238 ||| RETREEEEATING.
 21239 | Orc:2    | 21239 ||| RETREEEEATING.
 21240 | Orc:2    | 21240 ||| RETREEEEATING.
 21241 | Orc:2    | 21241 ||| RETREEEEATING.
 21242 | Orc:2    | 21242 ||| RETREEEEATING.
 21244 | Orc:2    | 21244 ||| RETREEEEATING.
 21245 | Orc:2    | 21245 ||| INVOKING Finesse.
 21248 | Orc:2    | Reached XP level 16. HP: 53/84 MP: 18/24
 21255 | Orc:2    | Received a gift from Okawaru
 21380 | Orc:2    | Found Voawy's General Store.
 21697 | Orc:2    | Found Ibbioc's Book Boutique.
 21744 | Orc:2    | 21744 ||| PLANNING SWAMP:1-3
 21911 | Swamp:1  | Entered Level 1 of the Swamp
 22286 | Swamp:1  | Received a gift from Okawaru
 22451 | Swamp:2  | Reached skill level 23 in Dodging
 22624 | Swamp:2  | Found a transporter.
 22626 | Swamp:2  | Noticed a thorn hunter
 22687 | Swamp:2  | Noticed a thorn hunter
 22688 | Swamp:2  | 22688 ||| INVOKING Finesse.
 22689 | Swamp:2  | Received a gift from Okawaru
 22694 | Swamp:2  | Killed a thorn hunter
 22796 | Swamp:2  | Found a transporter.
 22797 | Swamp:2  | Noticed a tentacled monstrosity
 22802 | Swamp:2  | Noticed a thorn hunter
 22860 | Swamp:2  | Noticed a thorn hunter
 22861 | Swamp:2  | Noticed a tentacled monstrosity
 23120 | Swamp:3  | 23120 ||| STAIRDANCE
 23308 | Swamp:3  | Received a gift from Okawaru
 23420 | Swamp:3  | Reached skill level 24 in Dodging
 23864 | Swamp:3  | 23864 ||| PLANNING SPIDER:1-3
 23960 | Spider:1 | Entered Level 1 of the Spider Nest
 24093 | Spider:1 | 24093 ||| RETREEEEATING.
 24094 | Spider:1 | 24094 ||| RETREEEEATING.
 24112 | Spider:1 | Blown up by an orb spider

Levels and vault maps discovered:
D:1:      dpeg_arrival_arbitrary_a, layout_basic,
          hellmonk_ecumenical_altar_pennies_from_heaven
D:2:      layout_basic, serial_rivers, chequers_serial_rivers_micro_a,
          chequers_serial_rivers_large_b, chequers_serial_rivers_small_a,
          chequers_serial_rivers_micro_a
D:3:      layout_basic, mainiacjoe_overflow_chevrons, gammafunk_ghost_split,
          serial_shops, nicolae_shop_real_fake_doors, guppyfry_early_lair_pool,
          uniq_grinder
D:4:      layout_loops_cross, chei_slow_surprise, minmay_temple_entry_poolview,
          ebering_ghost_sewer_d, chequers_avenue, uniq_natasha
D:5:      layout_layer_cave, lemuel_round_altar, lemuel_tele_altar,
          serial_shops, shop, uniq_duvessa
D:6:      cheibrodos_barr_body, layout_loops_ring, uniq_eustachio,
          uniq_menkaure, uniq_pikel
D:7:      layout_basic, nicolae_elyvilon_temple_path, grunt_temple_overflow_open
D:8:      layout_loops_ring, nzn_makhleb_speed_demon, minmay_the_grid_2x2
          [minmay_the_grid_box_x, minmay_the_grid_medium_cups,
          minmay_the_grid_expand, minmay_the_grid_prize_four_corners],
          uniq_maurice
D:9:      layout_loops_cross, mainiacjoe_overflow_catch_the_wave,
          corexii_checkpoint, chequers_decorated_corner
D:10:     layout_loops_cross, david_lair_shrubbed, nrook_uturn
D:11:     layout_layer_cave, david_orc_2, portal_ice_cave_entry_pillars_2,
          nrook_guardian_serpent_ordinary, uniq_urug, uniq_erica, uniq_harold
D:12:     layout_cave_pools, serial_column_ruins, column_ruins_temple_circle,
          column_ruins_open_tiny, column_ruins_open_tiny,
          column_ruins_open_small
D:13:     layout_basic, hellmonk_vaults_attempted_burglary,
          ebering_ghost_disaster_area, uniq_lodul
D:14:     layout_stronghold, minivault_14
D:15:     grunt_enter_depths_magical_seal, layout_loops_cross,
          nicolae_figureground_pulse, dancing_weapons_uskayaw
Temple:   nicolae_temple_slightly_damp_pantheon
Lair:1:   layout_gridlike, nzn_ghost_randoct
Lair:2:   layout_hall_layers, spider_nest_entry_a, serial_bayou_shore_b,
          lemuel_fruit_fields
Lair:3:   layout_long_grid, minmay_swamp_entry_worms,
          nicolae_volcano_entry_s_turn, dreamdust_deal_with_the_devil
Lair:4:   layout_cave_pods, dpeg_slime_entry_corner
Lair:5:   due_jungle_book, layout_cave_pods, lemuel_fruit_fields, uniq_josephine
Swamp:1:  layout_basic_swamp, nicolae_swamp_triple_paths
Swamp:2:  gammafunk_sealed_arena, layout_falls_marsh,
          evilmike_swamp_ruin_house_3
Swamp:3:  layout_falls_marsh, serial_swamp_ruin, evilmike_swamp_ruin_rubble_2,
          evilmike_swamp_ruin_rubble_1, evilmike_swamp_ruin_house_1
Spider:1: layout_spider_delve
Orc:1:    layout_caves, ebering_ghost_reflecting_pool, nicolae_orc_crystal_seam
Orc:2:    grunt_orc_gardens, layout_diamond_mine, grunt_orc_garden,
          grunt_orc_garden, grunt_orc_garden, grunt_orc_garden

Skill      XL: |  1  2  3  4  5  6  7  8  9 10 11 12 13 14 15 16 |
---------------+-------------------------------------------------+-----
Dodging        | 3 4 7 9 11 12 15 16 18 22 24 | 24.0
Ranged Weapons | 5 6 8 9 10 11 13 15 16 18 | 18.0
Fighting       | 2 3 4 5 6 7 8 9 10 | 10.5
Invocations    | 2 4 5 8 10 | 10.0
Armour         | 1 3 4 5 |  5.0
Stealth        | |  1.5

Action                     |  1- 3 |  4- 6 |  7- 9 | 10-12 | 13-15 | 16-18 || total
---------------------------+-------+-------+-------+-------+-------+-------++-------
   Fire: Shortbow          |    62 |       |       |       |       |       ||    62
         Orcbow            |    55 |    90 |   247 |   741 |   140 |       ||  1273
         Arbalest          |       |       |       |       |   759 |   254 ||  1013
 Invoke: Heroism           |       |       |     3 |     1 |       |       ||     4
         Finesse           |       |       |     1 |     7 |     7 |     1 ||    16
         Receive Weapon    |       |       |       |       |     1 |       ||     1
         Receive Armour    |       |       |       |       |     1 |       ||     1
  Evoke: Wand              |       |       |       |     4 |     3 |       ||     7
    Use: Scroll            |    15 |     2 |     2 |     9 |     5 |       ||    33
         Potion            |     2 |     5 |     1 |     1 |     1 |       ||    10
 Armour: Robe              |     9 |     2 |    10 |     9 |       |       ||    30
         Troll leather arm |       |       |       |    62 |     1 |       ||    63
         Swamp dragon scal |       |       |       |       |   133 |    45 ||   178
  Dodge: Dodged            |    27 |    23 |    69 |   365 |  1007 |   335 ||  1826
  Block: Other             |       |     7 |    13 |    74 |     3 |       ||    97
         Reflection        |       |     1 |     1 |     3 |       |       ||     5

Table legend:
 A = Non-vault XP
 B = Vault XP
 C = Vault XP percentage of total XP
 D = Non-vault monster count
 E = Vault monster count
 F = Vault count percentage of total count
                 A         B        C        D         E       F
            +---------+---------+-------+---------+---------+-------
      Total |  159538 |   42589 |  21.1 |     610 |     143 |  19.0
            +---------+---------+-------+---------+---------+-------
        D:1 |      32 |       0 |   0.0 |      18 |       0 |   0.0
        D:2 |      32 |       0 |   0.0 |      16 |       0 |   0.0
        D:3 |      58 |     309 |  84.2 |      16 |       1 |   5.9
        D:4 |     211 |      83 |  28.2 |      26 |       2 |   7.1
        D:5 |     522 |     220 |  29.6 |      10 |       2 |  16.7
        D:6 |     328 |    2068 |  86.3 |       7 |      17 |  70.8
        D:7 |     552 |       0 |   0.0 |      12 |       0 |   0.0
        D:8 |     327 |    7194 |  95.7 |      11 |      30 |  73.2
        D:9 |    4080 |     145 |   3.4 |      29 |       2 |   6.5
       D:10 |    2778 |     825 |  22.9 |      19 |       7 |  26.9
       D:11 |    3329 |    3309 |  49.8 |      12 |       6 |  33.3
       D:12 |    4563 |       0 |   0.0 |       8 |       0 |   0.0
       D:13 |    7038 |    2655 |  27.4 |      20 |       9 |  31.0
       D:14 |   11823 |       0 |   0.0 |      30 |       0 |   0.0
       D:15 |   17430 |    5209 |  23.0 |      37 |      11 |  22.9
     Lair:1 |    5400 |       0 |   0.0 |      32 |       0 |   0.0
     Lair:2 |    7672 |     404 |   5.0 |      26 |       2 |   7.1
     Lair:3 |    9244 |     316 |   3.3 |      30 |       2 |   6.2
     Lair:4 |    5153 |       0 |   0.0 |      13 |       0 |   0.0
     Lair:5 |   28399 |   11929 |  29.6 |      83 |      29 |  25.9
    Swamp:1 |   11996 |       0 |   0.0 |      23 |       0 |   0.0
    Swamp:2 |   16569 |       0 |   0.0 |      35 |       0 |   0.0
    Swamp:3 |   11166 |       0 |   0.0 |      20 |       0 |   0.0
   Spider:1 |    4371 |       0 |   0.0 |      17 |       0 |   0.0
      Orc:1 |    5791 |    1396 |  19.4 |      47 |       5 |   9.6
      Orc:2 |     674 |    6527 |  90.6 |      13 |      18 |  58.1
            +---------+---------+-------+---------+---------+-------
